SNL (28 & UNDER)
NEW HAMPSHIRE FISHER CATS @ MONTGOMERY BISCUITS
09/27/2023
 
TOP OF THE 1ST
New Hampshire Fisher Cats batting - Pitching for Montgomery Biscuits : LHP Trevor Nichols
Pitching: LHP Trevor Nichols
Batting: RHB Lu-fang Huie 0-0: Ball
1-0: Ground out 5-3 (Groundball, 56S)
Batting: RHB Júlio Trinidad 0-0: Fly out, F7 (Flyball, 7LS)
Batting: RHB Keith Ford 0-0: Foul Ball, location: 2F
0-1: Fly out, F7 (Flyball, 7S)
Top of the 1st over - 0 run(s), 0 hit(s), 0 error(s), 0 left on base; New Hampshire 0 - Montgomery 0
BOTTOM OF THE 1ST
Montgomery Biscuits batting - Pitching for New Hampshire Fisher Cats : RHP Gustavo Rodríguez
Pitching: RHP Gustavo Rodríguez
Batting: RHB Gabriel Miranda 0-0: Foul Ball, location: 2F
0-1: Ball
1-1: Called Strike
1-2: Ball
2-2: Foul Ball, location: 2F
2-2: Foul Ball, location: 2F
2-2: Ball
3-2: Foul Ball, location: 2F
3-2: Ground out 6-3 (Groundball, 6)
Batting: LHB John Haney 0-0: Ball
1-0: Ground out 1-3 (Groundball, 13)
Batting: SHB Andrew Curran 0-0: Ball
1-0: Ball
2-0: Ball
3-0: Base on Balls
Batting: RHB Pete Smith 0-0: Called Strike
0-1: Swinging Strike
0-2: Ball
1-2: Reached on error, E2 (Groundball, 2L)
Andrew Curran to third
Batting: RHB Jean-Paul St-Pierre 0-0: 3-RUN HOME RUN (Flyball, 78XD), Distance : 414 ft
Batting: RHB Dave Dawson 0-0: Foul Ball, location: 2F
0-1: Foul Ball, location: 2F
0-2: Ball
1-2: Ball
2-2: Strikes out swinging
Bottom of the 1st over - 3 run(s), 1 hit(s), 1 error(s), 0 left on base; New Hampshire 0 - Montgomery 3
TOP OF THE 2ND
New Hampshire Fisher Cats batting - Pitching for Montgomery Biscuits : LHP Trevor Nichols
Batting: RHB Billy Campbell 0-0: Called Strike
0-1: Ball
1-1: Ball
2-1: Called Strike
2-2: Strikes out swinging
Batting: RHB José Hernández 0-0: Ball
1-0: Ball
2-0: Called Strike
2-1: Fly out, F7 (Flyball, 78D)
Batting: RHB Phil Matthews 0-0: Fly out, F2 (Popup, 2LF)
Top of the 2nd over - 0 run(s), 0 hit(s), 0 error(s), 0 left on base; New Hampshire 0 - Montgomery 3
BOTTOM OF THE 2ND
Montgomery Biscuits batting - Pitching for New Hampshire Fisher Cats : RHP Gustavo Rodríguez
Batting: RHB Vicente Carona 0-0: Called Strike
0-1: Ground out 6-3 (Groundball, 56)
Batting: RHB Larry Mitchell 0-0: Fly out, F8 (Flyball, 8LXD)
Batting: RHB Collin Smith 0-0: Called Strike
0-1: Swinging Strike
0-2: Strikes out swinging
Bottom of the 2nd over - 0 run(s), 0 hit(s), 0 error(s), 0 left on base; New Hampshire 0 - Montgomery 3
TOP OF THE 3RD
New Hampshire Fisher Cats batting - Pitching for Montgomery Biscuits : LHP Trevor Nichols
Batting: RHB Matt Silver 0-0: Foul Ball, location: 2F
0-1: Ball
1-1: Ball
2-1: SINGLE (Groundball, 6M)
Batting: RHB Sadao Kimura 0-0: Ball
1-0: Ball
2-0: 2-RUN HOME RUN (Flyball, 78XD), Distance : 400 ft
Batting: RHB Tony Reyes 0-0: Called Strike
0-1: Ball
1-1: Called Strike
1-2: Fly out, F7 (Flyball, 7D)
Batting: RHB Lu-fang Huie 0-0: Ball
1-0: Ball
2-0: Ball
3-0: Called Strike
3-1: Base on Balls
Batting: RHB Júlio Trinidad 0-0: Called Strike
0-1: Ball
1-1: Foul Ball, location: 2F
1-2: Ball
Lu-fang Huie is caught stealing 2nd base
2-2: Foul Ball, location: 2F
2-2: SINGLE (Groundball, 6)
Batting: RHB Keith Ford 0-0: Ball
1-0: Ball
2-0: Ball
3-0: Swinging Strike
3-1: Base on Balls
Júlio Trinidad to second
Batting: RHB Billy Campbell 0-0: Swinging Strike
0-1: Called Strike
0-2: Ball
1-2: Ball
2-2: Strikes out swinging
Top of the 3rd over - 2 run(s), 3 hit(s), 0 error(s), 2 left on base; New Hampshire 2 - Montgomery 3
BOTTOM OF THE 3RD
Montgomery Biscuits batting - Pitching for New Hampshire Fisher Cats : RHP Gustavo Rodríguez
Batting: RHB Gabriel Miranda 0-0: Reached on error, E5 (Groundball, 56)
Batting: LHB John Haney 0-0: Swinging Strike
0-1: Ball
1-1: Ground out 5-3 (Groundball, 5L)
Batting: SHB Andrew Curran 0-0: Ball
1-0: Fly out, F6 (Popup, 56D)
Batting: RHB Pete Smith 0-0: Ball
1-0: Ground out 4-3 (Groundball, 4)
Bottom of the 3rd over - 0 run(s), 0 hit(s), 1 error(s), 1 left on base; New Hampshire 2 - Montgomery 3
TOP OF THE 4TH
New Hampshire Fisher Cats batting - Pitching for Montgomery Biscuits : LHP Trevor Nichols
Batting: RHB José Hernández 0-0: Called Strike
0-1: Ball
1-1: Foul Ball, location: 2F
1-2: Foul Ball, location: 2F
1-2: SINGLE (Line Drive, 6)
Batting: RHB Phil Matthews 0-0: Ball
1-0: Foul Ball, location: 2F
1-1: Fly out, F4 (Popup, 4MD)
Batting: RHB Matt Silver 0-0: Ball
1-0: Called Strike
1-1: Fly out, F7 (Flyball, 7LM)
Batting: RHB Sadao Kimura 0-0: Ball
1-0: Called Strike
1-1: Ball
2-1: Ground out 4-3 (Groundball, 34S)
Top of the 4th over - 0 run(s), 1 hit(s), 0 error(s), 1 left on base; New Hampshire 2 - Montgomery 3
BOTTOM OF THE 4TH
Montgomery Biscuits batting - Pitching for New Hampshire Fisher Cats : RHP Gustavo Rodríguez
Batting: RHB Jean-Paul St-Pierre 0-0: Called Strike
0-1: Fly out, F2 (Popup, 25F)
Batting: RHB Dave Dawson 0-0: Ball
1-0: Ball
2-0: Ball
3-0: Called Strike
3-1: Base on Balls
Batting: RHB Vicente Carona 0-0: Ball
1-0: SINGLE (Line Drive, 7M)
Dave Dawson to second
Dave Dawson to third
Batting: RHB Larry Mitchell 0-0: Ball
1-0: SINGLE (Line Drive, 9S)
Dave Dawson scores
Vicente Carona to second
Batting: RHB Collin Smith 0-0: Foul Ball, location: 2F
0-1: Ground out 3-1 (Groundball, 34)
Vicente Carona to third
Larry Mitchell to second
Batting: RHB Gabriel Miranda 0-0: Ball
1-0: Called Strike
1-1: Ball
2-1: Ground out 5-3 (Groundball, 56)
Bottom of the 4th over - 1 run(s), 2 hit(s), 0 error(s), 2 left on base; New Hampshire 2 - Montgomery 4
TOP OF THE 5TH
New Hampshire Fisher Cats batting - Pitching for Montgomery Biscuits : LHP Trevor Nichols
Batting: RHB Tony Reyes 0-0: Foul Ball, location: 2F
0-1: Ball
1-1: Ball
2-1: Ball
3-1: Base on Balls
Batting: RHB Lu-fang Huie 0-0: Ball
1-0: Swinging Strike
1-1: Ball
2-1: Ball
3-1: Foul Ball, location: 2F
3-2: Base on Balls
Tony Reyes to second
Batting: RHB Júlio Trinidad 0-0: Ball
1-0: Ball
2-0: Called Strike
2-1: Ball
3-1: Foul Ball, location: 2F
3-2: Strikes out looking
Batting: RHB Keith Ford 0-0: Foul Ball, location: 2F
0-1: Called Strike
0-2: SINGLE (Line Drive, 89M)
Tony Reyes to third
Lu-fang Huie to second
Batting: RHB Billy Campbell 0-0: DOUBLE (Line Drive, 7LM)
Tony Reyes scores
Lu-fang Huie scores
Keith Ford to third
Runner from 3rd tries for Home, SAFE, no throw or cutoff
Batting: RHB José Hernández 0-0: SINGLE (Flyball, 6MD)
Billy Campbell to third
Runner from 3rd tries for Home, SAFE, throw made home
José Hernández to second
Batting: RHB Phil Matthews 0-0: SINGLE (Groundball, 56D)
José Hernández to third
Runner from 3rd tries for Home, SAFE, no throw or cutoff
Pitching: RHP Ángel Ávila
Batting: RHB Matt Silver 0-0: Called Strike
0-1: Ball
1-1: Fly out, F6 (Line Drive, 6)
Batting: RHB Sadao Kimura 0-0: Called Strike
0-1: Swinging Strike
0-2: Foul Ball, location: 2F
0-2: Ball
Phil Matthews is caught stealing 2nd base
Top of the 5th over - 5 run(s), 4 hit(s), 0 error(s), 0 left on base; New Hampshire 7 - Montgomery 4
BOTTOM OF THE 5TH
Montgomery Biscuits batting - Pitching for New Hampshire Fisher Cats : RHP Gustavo Rodríguez
Batting: LHB John Haney 0-0: Called Strike
0-1: Ball
1-1: Called Strike
1-2: Foul Ball, location: 2F
1-2: Ball
2-2: Foul Ball, location: 2F
2-2: Fly out, F5 (Line Drive, 5)
Pitching: RHP Ramón Pérez
Batting: SHB Andrew Curran 0-0: Swinging Strike
0-1: Called Strike
0-2: Ball
1-2: Strikes out looking
Batting: RHB Pete Smith 0-0: Ball
1-0: Called Strike
1-1: Foul Ball, location: 2F
1-2: Strikes out looking
Bottom of the 5th over - 0 run(s), 0 hit(s), 0 error(s), 0 left on base; New Hampshire 7 - Montgomery 4
TOP OF THE 6TH
New Hampshire Fisher Cats batting - Pitching for Montgomery Biscuits : RHP Ángel Ávila
Batting: RHB Sadao Kimura 0-0: SINGLE (Groundball, 6MD)
Batting: RHB Tony Reyes 0-0: Swinging Strike
0-1: Ball
1-1: Called Strike
1-2: Strikes out swinging
Batting: RHB Lu-fang Huie 0-0: Ball
1-0: Fly out, F9 (Popup, 34D)
Batting: RHB Júlio Trinidad 0-0: Ball
1-0: Fly out, F4 (Popup, 4D)
Top of the 6th over - 0 run(s), 1 hit(s), 0 error(s), 1 left on base; New Hampshire 7 - Montgomery 4
BOTTOM OF THE 6TH
Montgomery Biscuits batting - Pitching for New Hampshire Fisher Cats : RHP Ramón Pérez
Batting: RHB Jean-Paul St-Pierre 0-0: Called Strike
0-1: Ball
1-1: Ground out 5-3 (Groundball, 56S)
Batting: RHB Dave Dawson 0-0: Foul Ball, location: 2F
0-1: Called Strike
0-2: Ball
1-2: SINGLE (Line Drive, 89S)
Pitching: RHP Armando Rodríguez
Batting: RHB Vicente Carona 0-0: Swinging Strike
0-1: DOUBLE (Line Drive, 7LM)
Dave Dawson to third
Runner from 3rd tries for Home, SAFE, no throw or cutoff
Batting: RHB Larry Mitchell 0-0: Ball
1-0: Ball
2-0: Ball
3-0: Called Strike
3-1: Called Strike
3-2: Foul Ball, location: 2F
3-2: Foul Ball, location: 2F
3-2: Base on Balls
Batting: RHB Collin Smith 0-0: Ball
1-0: Ball
2-0: Ball
3-0: Base on Balls
Vicente Carona to third
Larry Mitchell to second
Batting: RHB Gabriel Miranda 0-0: Ball
1-0: Fly out, F9 (Flyball, 89M)
Runner from 3rd tags up, SCORES, throw made
Batting: LHB John Haney 0-0: Called Strike
0-1: Ball
1-1: Ground out 4-3 (Groundball, 4)
Bottom of the 6th over - 2 run(s), 2 hit(s), 0 error(s), 2 left on base; New Hampshire 7 - Montgomery 6
TOP OF THE 7TH
New Hampshire Fisher Cats batting - Pitching for Montgomery Biscuits : RHP Ángel Ávila
Batting: RHB Keith Ford 0-0: Ball
1-0: Fly out, F8 (Line Drive, 8LXD)
Pitching: LHP Steve Billington
Batting: RHB Billy Campbell 0-0: Ball
1-0: Ball
2-0: Foul Ball, location: 2F
2-1: Ground out 5-3 (Groundball, 5)
Batting: RHB José Hernández 0-0: Called Strike
0-1: Ball
1-1: Ball
2-1: Swinging Strike
2-2: Ball
3-2: Foul Ball, location: 2F
3-2: Foul Ball, location: 2F
3-2: Base on Balls
Batting: RHB Phil Matthews 0-0: Called Strike
0-1: Ball
1-1: Ball
2-1: Ball
3-1: Foul Ball, location: 2F
3-2: SINGLE (Groundball, 6)
José Hernández to second
José Hernández to third
Pinch Hitting: RHB Anthony Hezell 0-0: Foul Ball, location: 2F
0-1: Ball
1-1: Fly out, F4 (Line Drive, 4)
Top of the 7th over - 0 run(s), 1 hit(s), 0 error(s), 2 left on base; New Hampshire 7 - Montgomery 6
BOTTOM OF THE 7TH
Montgomery Biscuits batting - Pitching for New Hampshire Fisher Cats : RHP Armando Rodríguez
Now at SS: José Díaz
Batting: SHB Andrew Curran 0-0: Ground out 4-3 (Groundball, 4M)
Batting: RHB Pete Smith 0-0: Ball
1-0: Ball
2-0: Called Strike
2-1: Ball
3-1: Foul Ball, location: 2F
3-2: Strikes out swinging
Batting: RHB Jean-Paul St-Pierre 0-0: Foul Ball, location: 2F
0-1: Ground out 6-3 (Groundball, 6)
Bottom of the 7th over - 0 run(s), 0 hit(s), 0 error(s), 0 left on base; New Hampshire 7 - Montgomery 6
TOP OF THE 8TH
New Hampshire Fisher Cats batting - Pitching for Montgomery Biscuits : LHP Steve Billington
Batting: RHB Sadao Kimura 0-0: Ball
1-0: Swinging Strike
1-1: Foul Ball, location: 2F
1-2: Strikes out looking
Batting: RHB Tony Reyes 0-0: Foul Ball, location: 2F
0-1: Foul Ball, location: 2F
0-2: Ball
1-2: Strikes out looking
Batting: RHB Lu-fang Huie 0-0: Ball
1-0: Ball
2-0: Ball
3-0: Base on Balls
Batting: RHB Júlio Trinidad 0-0: Ball
1-0: Called Strike
1-1: Foul Ball, location: 2F
1-2: Foul Ball, location: 2F
1-2: Ball
2-2: Foul Ball, location: 2F
2-2: Ball
3-2: Base on Balls
Lu-fang Huie to second
Batting: RHB Keith Ford 0-0: Ball
1-0: Ball
2-0: Ball
3-0: Base on Balls
Lu-fang Huie to third
Júlio Trinidad to second
Pitching: LHP Gonzalo Martínez
Batting: RHB Billy Campbell 0-0: Ball
1-0: Ball
2-0: Swinging Strike
2-1: Swinging Strike
2-2: Foul Ball, location: 2F
2-2: Foul Ball, location: 2F
2-2: Foul Ball, location: 2F
2-2: Strikes out looking
Top of the 8th over - 0 run(s), 0 hit(s), 0 error(s), 3 left on base; New Hampshire 7 - Montgomery 6
BOTTOM OF THE 8TH
Montgomery Biscuits batting - Pitching for New Hampshire Fisher Cats : RHP Armando Rodríguez
Pitching: RHP Jeff Thompson
Now at 3B: Scott Briggs
Batting: RHB Dave Dawson 0-0: Called Strike
0-1: Called Strike
0-2: Fly out, F3 (Line Drive, 34)
Pitching: RHP Ernesto Rivera
Batting: RHB Vicente Carona 0-0: Ball
1-0: Ball
2-0: Foul Ball, location: 2F
2-1: Foul Ball, location: 2F
2-2: Strikes out swinging
Batting: RHB Larry Mitchell 0-0: Called Strike
0-1: Swinging Strike
0-2: Strikes out looking
Bottom of the 8th over - 0 run(s), 0 hit(s), 0 error(s), 0 left on base; New Hampshire 7 - Montgomery 6
TOP OF THE 9TH
New Hampshire Fisher Cats batting - Pitching for Montgomery Biscuits : LHP Gonzalo Martínez
Batting: RHB José Hernández 0-0: Swinging Strike
0-1: Fly out, F6 (Line Drive, 6M)
Batting: RHB Phil Matthews 0-0: Swinging Strike
0-1: Ball
1-1: Ball
2-1: Called Strike
2-2: Fly out, F8 (Line Drive, 8LXD)
Batting: RHB José Díaz 0-0: Swinging Strike
0-1: Ball
1-1: Ball
2-1: SINGLE (Line Drive, 4MD)
Pinch Runner at 1st Si-xun Li:
Pinch Hitting: RHB Chris Parker 0-0: Ball
1-0: Ball
2-0: Called Strike
2-1: Ball
3-1: Base on Balls
Si-xun Li to second
Batting: RHB Tony Reyes 0-0: Called Strike
0-1: Ball
1-1: Called Strike
1-2: SINGLE (Groundball, 56D)
Si-xun Li to third
Chris Parker to second
Runner from 3rd tries for Home, SAFE, no throw or cutoff
Batting: RHB Lu-fang Huie 0-0: Ball
1-0: Swinging Strike
1-1: Ball
Wild Pitch!
Chris Parker to third
Tony Reyes to second
2-1: Foul Ball, location: 2F
2-2: DOUBLE (Flyball, 9LD)
Chris Parker scores
Tony Reyes scores
Pitching: LHP Tony García
Batting: RHB Scott Briggs 0-0: Ball
1-0: Called Strike
1-1: Ball
2-1: SINGLE (Groundball, 56D)
Lu-fang Huie to third
Runner from 3rd tries for Home, SAFE, no throw or cutoff
Batting: RHB Keith Ford 0-0: Ball
1-0: Ball
Scott Briggs is caught stealing 2nd base
Top of the 9th over - 4 run(s), 4 hit(s), 0 error(s), 0 left on base; New Hampshire 11 - Montgomery 6
BOTTOM OF THE 9TH
Montgomery Biscuits batting - Pitching for New Hampshire Fisher Cats : RHP Ernesto Rivera
Now at C: Tim Robertson
Now at SS: Santiago Castro
Now in CF: Gustavo Lozano
Batting: RHB Collin Smith 0-0: Ball
1-0: SINGLE (Line Drive, 56D)
Batting: RHB Gabriel Miranda 0-0: Ball
1-0: SINGLE (Groundball, 34D) (infield hit)
Collin Smith to second
Batting: LHB John Haney 0-0: Called Strike
0-1: Ball
1-1: Ball
2-1: Ball
3-1: Foul Ball, location: 2F
3-2: Foul Ball, location: 2F
3-2: DOUBLE (Line Drive, 89D)
Collin Smith scores
Gabriel Miranda to third
Pitching: LHP Carlos Berru
Batting: SHB Andrew Curran 0-0: Ball
1-0: Ball
2-0: Fly out, F9 (Flyball, 9M)
Runner from 3rd tags up, SCORES, throw made
Batting: RHB Pete Smith 0-0: Ball
1-0: Ball
2-0: Ball
3-0: Base on Balls
Batting: RHB Jean-Paul St-Pierre 0-0: Ball
1-0: Ball
2-0: Called Strike
2-1: Foul Ball, location: 2F
2-2: Ball
3-2: Foul Ball, location: 2F
3-2: Strikes out swinging
Batting: RHB Dave Dawson 0-0: Called Strike
0-1: Foul Ball, location: 2F
0-2: Ground out 5-3 (Groundball, 5L)
Bottom of the 9th over - 2 run(s), 3 hit(s), 0 error(s), 2 left on base; New Hampshire 11 - Montgomery 8
This league is powered by Out of the Park Baseball, the baseball management simulation game for PC, Mac and Linux
Wednesday, December 2nd, 2015 - OOTP Baseball 16.8 Build 38